Map: Triton LE

Players

Mez - Winner!

  • Race: Terran Terran
  • League: Master
  • Spawn Location: 11:00

Conqueror

  • Race: Protoss Protoss
  • League: Master
  • Spawn Location: 5:00

VOD

Have the link to the VOD?

Description

Time

  • Played on: Aug. 21, 2019, 4:01 p.m.
  • Length: 14:55
Show
View Real Time Build Order
Export as new Build Order

Mez Terran - Winner!

Build Orders: Reaper Expand 

Get SALT Encoding   

  12  0:00  SCV  
  13  0:13  SCV  
  14  0:18  Supply Depot  
  14  0:25  SCV  
  15  0:40  SCV  
  15  0:41  Barracks  
  16  0:46  Refinery  
  16  0:52  SCV  
  18  1:04  SCV  
  18  1:16  SCV  
  19  1:29  Orbital Command, Reaper  
  20  1:43  Command Center  
  20  1:49  Bunker  
  20  1:59  Supply Depot, SCV  
  21  2:03  Marine  
  22  2:11  SCV  
  23  2:22  Barracks Reactor  
  23  2:23  SCV  
  24  2:41  SCV  
  25  2:47  Command Center  
  25  2:50  Factory  
  25  2:53  SCV  
  25  2:56  Orbital Command  
  26  3:01  Marine x2  
  28  3:06  Refinery, SCV  
  29  3:19  SCV  
  30  3:20  Marine x2  
  30  3:22  SCV  
  32  3:37  Widow Mine, Starport  
  32  3:38  SCV x2  
  36  3:43  Marine  
  36  3:44  Marine  
  38  3:50  SCV x2  
  40  4:00  Factory Tech Lab  
  40  4:02  SCV  
  40  4:03  SCV  
  40  4:08  Marine x2  
  45  4:10  Refinery  
  45  4:11  Orbital Command  
  45  4:15  SCV x2  
  46  4:18  Starport Tech Lab  
  46  4:19  Siege Tank  
  49  4:26  Marine x2  
  49  4:27  SCV x2  
  52  4:39  SCV x2  
  52  4:45  SCV  
  55  4:46  Raven  
  55  4:51  SCV  
  55  4:52  Barracks x2  
  58  4:53  Supply Depot, SCV  
  58  4:55  Supply Depot  
  58  4:57  SCV  
  60  5:00  Refinery, Marine  
  61  5:14  Marine  
  61  5:15  Siege Tank, SCV x3  
  61  5:19  Engineering Bay  
  61  5:20  Engineering Bay  
  68  5:27  SCV x3  
  71  5:36  Marine x2  
  71  5:39  Starport Reactor, SCV x2  
  75  5:43  Barracks x2  
  75  5:47  Terran Infantry Armor Level 1, Terran Infantry Weapons Level 1  
  75  5:55  Orbital Command  
  75  6:00  SCV x2  
  75  6:01  Starport Reactor  
  77  6:07  Factory Reactor  
  77  6:08  Supply Depot  
  77  6:09  Supply Depot  
  77  6:10  Supply Depot x2  
  77  6:14  SCV  
  78  6:21  SCV x2  
  80  6:26  SCV  
  81  6:36  Marauder  
  81  6:37  Barracks Tech Lab, Barracks Reactor  
  81  6:38  Marine  
  81  6:39  Barracks Tech Lab  
  85  6:41  Medivac x2  
  89  6:53  Marine  
  88  6:58  Marauder x2, Stimpack  
  88  6:59  Combat Shield, Armory  
  92  7:03  Concussive Shells  
  92  7:04  Widow Mine  
  92  7:05  Widow Mine  
  96  7:10  Orbital Command  
  96  7:11  Marine  
  96  7:13  Medivac  
  99  7:19  Marauder  
  101  7:29  Marine  
  98  7:31  Marauder x2, Marine x2  
  98  7:32  Widow Mine x2  
  108  7:37  SCV  
  108  7:38  SCV x2  
  108  7:41  Marauder, Refinery  
  108  7:42  Refinery  
  113  7:44  Medivac  
  113  7:45  Medivac  
  113  7:46  Ghost Academy  
  117  8:02  Supply Depot  
  117  8:04  Supply Depot x2  
  117  8:05  Terran Infantry Weapons Level 2  
  117  8:17  Marauder  
  117  8:24  Widow Mine, Marauder, SCV, Marine x3  
  117  8:25  Medivac x2, Marine  
  117  8:26  Widow Mine, SCV x2  
  134  8:30  Supply Depot  
  134  8:31  Supply Depot x2  
  134  8:34  Terran Infantry Armor Level 2  
  134  8:36  Barracks x3, SCV  
  134  8:38  Terran Ship Weapons Level 1, SCV x2  
  134  8:39  Marauder  
  139  8:44  Marauder  
  141  8:51  Marine x3  
  141  8:52  Marauder, SCV x3  
  141  8:54  Widow Mine x2  
  153  8:56  Supply Depot  
  153  8:58  Supply Depot  
  153  9:00  Marauder  
  155  9:02  Supply Depot  
  155  9:04  Marine, SCV  
  155  9:07  Medivac x2  
  155  9:09  Marine x2  
  163  9:16  Widow Mine  
  163  9:17  Widow Mine, Ghost  
  165  9:21  Ghost  
  170  9:38  Ghost  
  172  9:41  Barracks Tech Lab  
  172  9:42  Barracks Tech Lab, Marine  
  172  9:43  Marine x3  
  172  9:45  Supply Depot, Ghost  
  176  9:49  Ghost  
  176  9:50  Supply Depot  
  180  9:52  Supply Depot  
  180  9:55  Command Center  
  180  10:00  Command Center, Marine x4  
  180  10:04  Starport  
  180  10:06  Starport  
  184  10:08  Fusion Core  
  183  11:07  Ghost x3  
  173  11:24  Ghost x2  
  160  11:26  Medivac x2  
  160  11:28  Starport Reactor  
  160  11:31  Starport Tech Lab  
  164  11:33  Barracks Reactor  
  164  11:34  Liberator  
  164  11:35  Orbital Command, Ghost  
  164  11:39  Liberator  
  166  11:46  Missile Turret  
  160  11:51  Command Center  
  160  11:53  Advanced Ballistics  
  163  11:57  Marauder x3, Refinery, Marine x4  
  176  12:04  Marine  
  173  12:14  Marine  
  158  12:17  Liberator  
  158  12:18  Liberator  
  158  12:21  Ghost  
  158  12:22  Ghost x3, Marine  
  158  12:33  Marine x3  
  158  12:34  Marine x2  
  169  12:39  Planetary Fortress  
  169  12:42  Refinery  
  169  12:44  Missile Turret  
  169  12:45  Liberator x2  
  169  12:49  Missile Turret  
  169  12:50  Command Center, Missile Turret  
  175  13:22  Ghost  
  175  13:23  Ghost, Marine x7  
  175  13:24  Marine  
  187  13:45  Command Center  
  187  13:47  Command Center  
  187  13:49  Command Center  
  190  14:21  Orbital Command  
Show
View Real Time Build Order
Export as new Build Order

Conqueror Protoss 

Build Orders: 1 Gate Expand, Archon Immortal, Blink Stalkers 

Get SALT Encoding   

  12  0:00  Probe  
  13  0:12  Probe  
  14  0:19  Pylon  
  14  0:25  Probe  
  15  0:34  Probe  
  15  0:40  Gateway  
  15  0:42  Probe  
  16  0:47  Assimilator  
  17  0:52  Probe  
  18  1:04  Probe  
  19  1:16  Probe  
  20  1:24  Nexus  
  20  1:36  Probe  
  20  1:38  Cybernetics Core  
  20  1:45  Probe  
  21  1:49  Pylon  
  22  1:54  Probe  
  23  2:04  Adept  
  23  2:07  Probe, Assimilator  
  24  2:14  Warp Gate  
  26  2:19  Probe  
  27  2:34  Stalker  
  27  2:35  Probe  
  29  2:40  Probe  
  30  2:47  Probe  
  31  2:52  Probe  
  32  2:59  Probe  
  32  3:02  Gateway  
  32  3:03  Probe  
  32  3:04  Gateway  
  34  3:07  Probe  
  34  3:11  Probe  
  35  3:15  Probe  
  35  3:18  Pylon  
  35  3:19  Probe  
  37  3:23  Twilight Council  
  38  3:32  Probe x2  
  40  3:40  Probe  
  40  3:44  Probe, Assimilator  
  42  3:48  Probe  
  43  3:56  Probe, Blink  
  44  4:03  Probe  
  44  4:09  Probe  
  46  4:11  Stalker x3  
  46  4:12  Robotics Facility  
  46  4:15  Pylon  
  46  4:17  Pylon  
  52  4:19  Probe  
  52  4:21  Probe  
  54  4:33  Probe x2  
  56  4:45  Probe x2  
  58  4:47  Stalker x3  
  64  4:55  Observer  
  64  4:57  Probe  
  65  5:02  Pylon  
  66  5:07  Assimilator  
  66  5:08  Probe, Nexus  
  66  5:09  Probe  
  66  5:10  Pylon  
  66  5:13  Observer  
  69  5:24  Pylon, Sentry  
  69  5:25  Zealot x2  
  75  5:33  Gateway  
  75  5:36  Immortal  
  75  5:38  Gateway  
  75  5:39  Gateway  
  75  5:40  Gateway  
  75  5:41  Gateway  
  75  5:48  Probe x2  
  81  5:57  Charge  
  81  5:58  Zealot x2  
  81  6:00  Sentry  
  87  6:10  Probe x2  
  89  6:15  Immortal  
  93  6:22  Probe  
  93  6:38  Zealot  
  93  6:39  Zealot x3  
  101  6:40  Zealot x4  
  107  6:53  Probe x2  
  109  6:59  Pylon  
  109  7:01  Pylon  
  109  7:04  Pylon  
  109  7:17  Probe  
  109  7:18  Observer  
  109  7:22  Pylon  
  111  7:23  Robotics Facility  
  111  7:24  Forge  
  111  7:27  Forge  
  111  7:28  Pylon  
  111  7:29  Immortal  
  111  7:31  Probe x2  
  111  7:33  Sentry x3  
  111  7:34  Zealot x2  
  111  7:35  Zealot x3  
  129  7:44  Probe  
  134  7:51  Protoss Ground Armor Level 1, Assimilator, Protoss Ground Weapons Level 1  
  134  7:53  Templar Archives, Assimilator  
  134  7:57  Zealot x3  
  134  7:58  Zealot x2  
  144  8:02  Pylon  
  142  8:21  Observer  
  142  8:22  Immortal x2  
  150  8:32  High Templar x3  
  156  8:37  Pylon  
  156  8:42  Psionic Storm  
  156  8:43  Pylon  
  156  8:58  Pylon  
  156  9:01  High Templar  
  156  9:02  Pylon, High Templar x3  
  164  9:03  Zealot  
  164  9:06  Archon x2  
  164  9:08  Zealot  
  164  9:09  Zealot x2  
  168  9:17  Immortal  
  168  9:18  Immortal  
  168  9:19  Pylon  
  168  9:20  Pylon  
  168  9:22  Pylon  
  176  9:34  Zealot x3  
  176  9:35  Zealot  
  184  9:39  Nexus  
  184  9:48  Protoss Ground Armor Level 2, Protoss Ground Weapons Level 2  
  184  9:54  High Templar  
  184  9:55  High Templar  
  184  9:56  High Templar  
  184  9:57  High Templar  
  192  10:02  Zealot x4  
  200  10:26  Photon Cannon  
  200  10:27  Photon Cannon, Shield Battery  
  200  10:31  Shield Battery  
  200  10:35  Photon Cannon  
  135  11:32  Zealot x8  
  151  11:41  Gateway  
  151  11:44  Gateway  
  151  11:45  Gateway  
  151  11:48  Gateway  
  151  12:03  Pylon  
  151  12:06  Photon Cannon  
  144  12:08  Photon Cannon  
  144  12:13  Photon Cannon  
  144  12:15  Archon  
  106  12:21  Immortal x2  
  106  12:22  Zealot x8  
  90  12:50  Pylon  
  90  12:53  Zealot x8  
  90  12:54  Pylon, Zealot x4  
  114  13:04  Robotics Bay  
  114  13:05  Immortal x2  
  122  13:25  Nexus  
  122  13:31  High Templar x7  
  122  13:32  High Templar x5  
  146  13:35  Archon x3  
  146  13:36  Archon x2  
  146  13:37  Archon  
  137  14:04  Stalker x2  
  139  14:13  Zealot  
  139  14:15  Zealot x5  
  139  14:16  Zealot x3  
  104  14:48  Archon  
Tags
 
Add a new tag
Caveats
  • Supply blocks, unpowered buildings, or Contaminate may cause inaccurate times.
  • Supply counts are checked every 10 seconds.